 Dungeon Crawl Stone Soup version 0.28-a0-895-g6e5f11bd55 (webtiles) character file.

Game seed: 1728135745913453851

28 vineage the Skirmisher (level 3, -2/24 HPs)
             Began as a Gargoyle Fighter on Nov 22, 2021.
             Slain by an adder (3 damage)
             ... on level 2 of the Dungeon.
             The game lasted 00:00:42 (1338 turns).

vineage the Skirmisher (Gargoyle Fighter)           Turns: 1338, Time: 00:00:42

Health: -2/24      AC: 10    Str: 19    XL:     3   Next: 12%
Magic:  3/3        EV:  9    Int:  8    God:
Gold:   34         SH:  4    Dex: 10    Spells: 2/2 levels left

rFire   . . .      SeeInvis .   a - +0 flail
rCold   . . .      Faith    .   c - +0 buckler
rNeg    + . .      Spirit   .   b - +0 scale mail
rPois   ∞          Reflect  .   (no helmet)
rElec   +          Harm     .   (no cloak)
rCorr   .          Rampage  .   (no gloves)
Will    .....                   (no boots)
Stlth   ..........              (no amulet)
HPRegen 0.08/turn               (no ring)
MPRegen 0.08/turn               (no ring)

@: no status effects
A: sickness immunity, AC +3, negative energy resistance 1, electricity
resistance, torment resistance 1, petrification resistance
a: no special abilities


You were on level 2 of the Dungeon.
You visited 1 branch of the dungeon, and saw 2 of its levels.

You collected 34 gold pieces.

Inventory:

Hand Weapons
 a - a +0 flail (weapon)
Missiles
 h - a throwing net (quivered)
Armour
 b - a +0 scale mail (worn)
 c - a +0 buckler (worn)
Scrolls
 e - a scroll of noise {unknown}
 g - a scroll of identify {unknown}
 l - a scroll of enchant armour {unknown}
Potions
 d - a potion of might
 f - 2 potions of heal wounds {unknown}
 i - a potion of curing {unknown}
 j - 2 potions of magic {unknown}
 k - a potion of degeneration {unknown}


   Skills:
 * Level 3.8 Fighting
 + Level 2.3 Maces & Flails
 + Level 3.5 Armour
 + Level 3.6 Shields


You had 2 spell levels left.
You didn't know any spells.
Your spell library contained the following spells:

 Spells                   Type           Power      Damage    Failure   Level
 Animate Skeleton         Necr           0%         N/A       80%         1
 Apportation              Tloc           0%         N/A       80%         1
 Summon Small Mammal      Summ           0%         N/A       80%         1
 Petrify                  Tmut/Erth      0%         N/A       100%        4
 Metabolic Englaciation   Hex/Ice        0%         N/A       100%        5
 Statue Form              Tmut/Erth      Unusable   N/A       N/A         6

Dungeon Overview and Level Annotations

Branches:
Dungeon (2/15)

Altars:


Innate Abilities, Weirdness & Mutations

You are immune to sickness and miasma.
Your stone body is resilient. (AC +3)
You are immune to poison.
You resist negative energy. (rN+)
You are resistant to electric shocks. (rElec)
You are resistant to unholy torment.
You are immune to petrification.


Message History

The black bear claws you but does no damage.
The black bear claws you.
You closely miss the black bear.
The black bear is lightly wounded.
The black bear bites you!
The black bear claws you but does no damage.
The black bear claws you.
You hit the black bear but do no damage.
The black bear is lightly wounded.
The black bear closely misses you.
The black bear claws you but does no damage.
The black bear closely misses you.
You completely miss the black bear.
The black bear is lightly wounded.
The black bear bites you but does no damage.
You block the black bear's attack. The black bear completely misses you.
The black bear bites you. The black bear barely misses you.
The black bear claws you.
* * * LOW HITPOINT WARNING * * *
An adder comes into view.
There is a stone staircase leading up here.
You closely miss the black bear.
The black bear is lightly wounded.
The adder hisses angrily.
The black bear barely misses you.
The black bear claws you but does no damage.
The black bear barely misses you.
You closely miss the black bear. The black bear barely misses you.
The black bear claws you but does no damage. x2
You hit the black bear.
The black bear is lightly wounded.
The black bear bites you.
* * * LOW HITPOINT WARNING * * *
The black bear claws you but does no damage. x2
The black bear bites you but does no damage.
The black bear claws you but does no damage. x2
You thump the black bear!
The black bear is moderately wounded.
The adder bites you.
You die...

## ## #. )
$.#. #...
#..# #..#
##..# #..h#
#
#.#.@###.#.#
##S.......
#.........
#.#..###.#.
......# #
#$#.....
#.####.## #
.. ..


You could see a black bear and an adder.

Vanquished Creatures
  A gnoll (D:1)
  A ball python (D:1)
  A bat (D:1)
  An endoplasm (D:1)
  2 giant cockroaches (D:1)
  A goblin (D:1)
  4 hobgoblins (D:1)
  A quokka (D:1)
  A kobold (D:1)
  2 rats (D:1)
15 creatures vanquished.

Notes
Turn   | Place    | Note
-------+----------+-------------------------------------------
     0 | D:1      | vineage the Gargoyle Fighter began the quest for the Orb.
     0 | D:1      | Reached XP level 1. HP: 14/14 MP: 1/1
   268 | D:1      | Reached XP level 2. HP: 18/19 MP: 2/2
   781 | D:1      | Reached XP level 3. HP: 20/24 MP: 3/3
  1324 | D:2      | Noticed a black bear
  1337 | D:2      | HP: 1/24 [black bear (5)]
  1338 | D:2      | Slain by an adder

Illustrated notes

Levels and vault maps discovered:
D:1:      lightli_iron_boxes, layout_basic, grunt_decor_mini_mirrors
D:2:      layout_loops_ring, basic_ecumenical_altar

Action                   || total
-------------------------++-------
Melee: Flail             ||    47
Armor: Scale mail        ||    25
Dodge: Dodged            ||    21
Block: Buckler           ||     7

Table legend: (Time is in decaauts)
 A = Elapsed time spent in this place.
 B = Non-inter-level travel time spent in this place.
 C = Inter-level travel time spent in this place.
 D = Time resting spent in this place.
 E = Time spent auto-exploring this place.
 F = Levels seen in this place.
 G = Mean time per level.
                   A        B        C        D        E       F      G
               +--------+--------+--------+--------+--------+-----+--------+
         Total |   1351 |   1327 |     24 |      0 |   1206 |   2 |  675.5 |
       Dungeon |   1351 |   1327 |     24 |      0 |   1206 |   2 |  675.5 |
               +--------+--------+--------+--------+--------+-----+--------+

Top non-repeatable levels by time:
     D:1: 1336 daAuts
     D:2: 15 daAuts
